 Dungeon Crawl Stone Soup version 0.19-a0-1903-gead39cf (webtiles) character file.

21 LORDOFBUTT the Sneak (level 2, 0/13 HPs)
             Began as a Spriggan Enchanter on Oct 20, 2016.
             Slain by an adder (6 damage)
             ... on level 2 of the Dungeon.
             The game lasted 00:01:39 (1053 turns).

LORDOFBUTT the Sneak (Spriggan Enchanter)           Turns: 1053, Time: 00:01:39

Health: 0/13       AC:  3    Str:  4    XL:     2   Next: 62%
Magic:  6/6        EV: 18    Int: 16    God:
Gold:   47         SH:  0    Dex: 16    Spells: 1 memorised, 5 levels left

rFire  . . .     SeeInvis +     a - +1 dagger
rCold  . . .     Gourm    .     b - +1 robe
rNeg   . . .     Faith    .     (shield restricted)
rPois  .         Spirit   .     (helmet restricted)
rElec  .         Reflect  .     (no cloak)
rCorr  .         Harm     +     (gloves unavailable)
MR     .....                    (boots unavailable)
Stlth  +++.......               h - amulet of harm
                                (no ring)
                                (no ring)

@: lethally poisoned (0 -> -8), very quick
A: unfitting armour, see invisible, herbivore 3, speed 3, slow metabolism 2
a: no special abilities


You were on level 2 of the Dungeon.
You were not hungry.

You visited 1 branch of the dungeon, and saw 2 of its levels.

You collected 47 gold pieces.

Inventory:

Hand Weapons
 a - a +1 dagger (weapon)
Armour
 b - a +1 robe (worn)
Jewellery
 h - an amulet of harm (around neck)
Scrolls
 g - a scroll of noise {unknown}
 i - a scroll of identify {unknown}
 k - a scroll of teleportation {unknown}
Potions
 e - a potion of cure mutation {unknown}
 f - a potion of degeneration {unknown}
 j - a potion of ambrosia {unknown}
Books
 c - a book of Maledictions

   Spells                             Type                      Level
   a - Corona                         Hexes                        1
   b - Ensorcelled Hibernation        Hexes/Ice                    2
   c - Confuse                        Hexes                        3
   d - Tukima's Dance                 Hexes                        3
   e - Dazzling Spray                 Conjuration/Hexes            3
Comestibles
 d - a bread ration


   Skills:
 * Level 1.4 Short Blades
 * Level 3.3 Dodging
 * Level 5.1 Stealth
 + Level 2.9 Spellcasting
 + Level 3.8 Hexes


You had 5 spell levels left.
You knew the following spells:

 Your Spells              Type           Power        Failure   Level  Hunger
a - Corona                Hex            ##.....      4%          1    #......


Dungeon Overview and Level Annotations

Branches:
Dungeon (2/15)

Altars:


Innate Abilities, Weirdness & Mutations

You are very small and have problems with some larger weapons.
You are too small for most types of armour.
You have supernaturally acute eyesight. (SInv)
You are a herbivore.
You cover ground extremely quickly.
You need consume almost no food.


Message History

The adder is heavily wounded.
The adder bites you. The goblin barely misses you.
You miss the adder.
The adder is heavily wounded.
The adder completely misses you. The goblin barely misses you.
You closely miss the adder.
The adder is heavily wounded.
The adder misses you.
You barely miss the adder.
The adder is heavily wounded.
The adder misses you. The goblin barely misses you. The adder bites you.
You are lethally poisoned!
The adder poisons you!
You hit the adder but do no damage.
The adder is heavily wounded.
You feel sick. The goblin barely misses you. The adder completely misses you.
You closely miss the adder.
The adder is heavily wounded.
The adder bites you.
You die...

########### ######
#..g......# ....
#...@.....# .....
#..S......# .....
+.........# #...
#.........##+#.#
###.####.......### ...
#......<..+ .....
#.$.....###
....#.###.......######
......................


You could see an adder and a goblin.

Vanquished Creatures
  2 dart slugs
  2 giant cockroaches (D:1)
  3 goblins
  A hobgoblin (D:1)
  3 bats (D:1)
  3 kobolds (D:1)
  2 rats (D:1)
16 creatures vanquished.

Notes
Turn   | Place    | Note
-------+----------+-------------------------------------------
     0 | D:1      | LORDOFBUTT the Spriggan Enchanter began the quest for the Orb.
     0 | D:1      | Reached XP level 1. HP: 9/9 MP: 5/5
   615 | D:1      | Reached XP level 2. HP: 13/13 MP: 6/6
  1008 | D:2      | Reached skill level 5 in Stealth
  1053 | D:2      | Slain by an adder

Vault maps used:
D:1:      scummos_arrival_gate, minivault_26
D:2:      uniq_robin

Skill      XL: |  1  2 |
---------------+-------+-----
Stealth        | 5 |  5.1
Short Blades   | |  1.4
Dodging        | |  3.3
Spellcasting   | |  2.9
Hexes          | |  3.8

Action                   || total
-------------------------++-------
Melee: Dagger            ||    85
 Stab: Sleeping          ||     2
Armor: Robe              ||     7
Dodge: Dodged            ||    66
